 Dungeon Crawl Stone Soup version 0.29-a0-82-g837932c90e (webtiles) character file.

Game seed: 11272037685871594350

120 testman the Bolt Thrower (level 4, -5/42 HPs)
             Began as a Deep Dwarf Hunter on Feb 4, 2022.
             Killed by divine providence
             ... invoked by an orc priest
              (9 damage)
             ... on level 3 of the Dungeon.
             The game lasted 00:06:50 (1498 turns).

testman the Bolt Thrower (Deep Dwarf Hunter)        Turns: 1498, Time: 00:06:51

Health: -5/42      AC:  7    Str: 18    XL:     4   Next: 75%
Magic:  4/4        EV: 12    Int: 11    God:
Gold:   68         SH:  0    Dex: 13    Spells: 3/3 levels left

rFire   . . .      SeeInvis .   b - +0 short sword
rCold   . . .      Faith    .   (no shield)
rNeg    . . .      Spirit   .   c - +0 leather armour
rPois   .          Reflect  .   (no helmet)
rElec   .          Harm     .   (no cloak)
rCorr   .          Rampage  .   (no gloves)
Will    .....                   (no boots)
Stlth   ++........              (no amulet)
HPRegen 0.00/turn               l - +4 ring of protection
MPRegen 0.09/turn               (no ring)

@: no status effects
A: damage resistance, heal wounds, sense surroundings 1, no regeneration
a: Heal Wounds


You were on level 3 of the Dungeon.
You visited 1 branch of the dungeon, and saw 3 of its levels.

You collected 68 gold pieces.

Inventory:

Hand Weapons
 a - a +1 hand crossbow
 b - a +0 short sword (weapon)
 f - a +1 whip of electrocution
Missiles
 d - 29 bolts
 g - a throwing net (quivered)
Armour
 c - a +0 leather armour (worn)
Jewellery
 l - a +4 ring of protection (left hand)
Wands
 k - a wand of iceblast (4)
Scrolls
 e - a scroll of fog {unknown}
 h - 2 scrolls of identify {unknown}
 m - a scroll of fear {unknown}
Potions
 i - a potion of brilliance {unknown}
 j - a potion of might {unknown}


   Skills:
 + Level 3.1 Fighting
 + Level 5.4 Crossbows
 - Level 2.6 Dodging
 - Level 2.2 Stealth


You had 3 spell levels left.
You didn't know any spells.
Your spell library contained the following spells:

 Spells                   Type           Power      Damage    Failure   Level
 Gell's Gravitas          Tloc           0%         N/A       77%         3
 Inner Flame              Hex/Fire       0%         N/A       77%         3
 Lesser Beckoning         Tloc           0%         N/A       77%         3
 Teleport Other           Tloc           0%         N/A       77%         3
 Cause Fear               Hex            0%         N/A       99%         4
 Discord                  Hex            0%         N/A       100%        8


Dungeon Overview and Level Annotations

Branches:
Dungeon (3/15)

Altars:


Innate Abilities, Weirdness & Mutations

You are resistant to damage.
You can heal yourself by infusing magical energy.
You passively map a small area around you.
You do not regenerate.


Message History

Found a scroll labelled CUWUILY VERHAZ.
Your +1 whip of electrocution stops crackling.
b - a +0 short sword (weapon)
The helpless worm fails to defend itself.
You puncture the worm!
The worm is heavily wounded.
The worm bites you.
* * * LOW HITPOINT WARNING * * *
a - a +1 hand crossbow (weapon)
Fire: 30 bolts
Press: ? - help, Q - select action, (/) - cycle Shift-Dir - straight line, f - worm
Aim: a worm (moderately wounded, 81% to hit)
You shoot a bolt. The bolt hits the worm.
The worm is heavily wounded.
Fire: 29 bolts
Press: ? - help, Q - select action, (/) - cycle Shift-Dir - straight line, f/p - worm
Aim: a worm (moderately wounded, 81% to hit)
You shoot a bolt. The bolt hits the worm!
You kill the worm!
d - 29 bolts (gained 1)
You see here a worm corpse.
m - a scroll labelled CUWUILY VERHAZ You see here a worm corpse.
Done exploring.
Done exploring.
(D) Dungeon
Where to? (Enter - D:2, ? - help)
There is a stone staircase leading down here.
You climb downwards.
There is a stone staircase leading up here.
A bat is nearby!
You are too injured to fight recklessly!
b - a +0 short sword (weapon)
An orc comes into view. It is wielding a +0 hand axe.
An orc wizard and an orc priest come into view.
The orc priest shouts!
The orc shouts!
You hear a shout! x2
The bat barely misses you.
The orc priest invokes the aid of Beogh against you.
Beogh smites you!
You die...

,,, , *
,* ,, *
* *##
#. , ,
^ #.##
* #.<#
* #..#
,, ,,
#.@#
#.....#
,
##b#..#
, ,
#.#o.oo
, ,,
..#
####* *
*###, *
* ,, *
* ,,, ,
* * *


You could see an orc priest, an orc wizard (wandering), an orc and a bat.

Vanquished Creatures
  2 adders (D:2)
  4 gnolls (D:2)
  3 worms (D:2)
  2 dart slugs (D:1)
  5 bats
  4 endoplasms
  A giant cockroach (D:2)
  4 goblins
  4 hobgoblins
  6 kobolds
  4 quokkas
  5 ball pythons
  3 frilled lizards
  6 rats
53 creatures vanquished.

Notes
Turn   | Place    | Note
-------+----------+-------------------------------------------
     0 | D:1      | testman the Deep Dwarf Hunter began the quest for the Orb.
     0 | D:1      | Reached XP level 1. HP: 19/19 MP: 1/1
   162 | D:1      | Reached XP level 2. HP: 21/26 MP: 2/2
   333 | D:1      | Found a faded altar of an unknown god.
   912 | D:2      | Reached XP level 3. HP: 17/32 MP: 3/3
   924 | D:2      | Reached skill level 5 in Crossbows
   948 | D:2      | Reached XP level 4. HP: 11/40 MP: 4/4
  1498 | D:3      | Killed from afar by an orc priest

Illustrated notes

Levels and vault maps discovered:
D:1:      amcnicky_arrival_single_pillar, layout_loops_corners,
          shapermc_ecumenical_altar_mp_highgroup, skrybe_limestone_x
D:2:      minmay_angry_zag, layout_basic, amcnicky_mini_pool_small
D:3:      layout_basic, kennysheep_potato

Skill      XL: |  1  2  3  4 |
---------------+-------------+-----
Fighting       | 2 3 |  3.1
Stealth        | 2 |  2.2
Crossbows      | 5 |  5.4
Dodging        | |  2.6

Action                   |  1- 3 |  4- 6 || total
-------------------------+-------+-------++-------
Melee: Short sword       |    72 |     3 ||    75
       Punch             |     2 |     1 ||     3
       Whip              |       |    40 ||    40
 Fire: Hand crossbow     |    27 |    15 ||    42
 Stab: Sleeping          |     1 |     3 ||     4
Armor: Leather armour    |    15 |     6 ||    21
Dodge: Dodged            |    46 |    21 ||    67

Table legend: (Time is in decaauts)
 A = Elapsed time spent in this place.
 B = Non-inter-level travel time spent in this place.
 C = Inter-level travel time spent in this place.
 D = Time resting spent in this place.
 E = Time spent auto-exploring this place.
 F = Levels seen in this place.
 G = Mean time per level.
                   A        B        C        D        E       F      G
               +--------+--------+--------+--------+--------+-----+--------+
         Total |   1504 |   1479 |     25 |      0 |   1120 |   3 |  501.3 |
       Dungeon |   1504 |   1479 |     25 |      0 |   1120 |   3 |  501.3 |
               +--------+--------+--------+--------+--------+-----+--------+

Top non-repeatable levels by time:
     D:1: 902 daAuts
     D:2: 599 daAuts
     D:3: 2 daAuts
